 Dungeon Crawl Stone Soup version 0.28-a0-872-g80cf8599ee (webtiles) character file.

Game seed: 3603277020460971781

21 bande the Skirmisher (level 2, -2/20 HPs)
             Began as a Gargoyle Fighter on Nov 21, 2021.
             Killed from afar by Natasha (8 damage)
             ... with a magic dart
             ... on level 2 of the Dungeon.
             The game lasted 00:01:38 (781 turns).

bande the Skirmisher (Gargoyle Fighter)              Turns: 781, Time: 00:01:38

Health: -2/20      AC:  9    Str: 19    XL:     2   Next: 87%
Magic:  2/2        EV:  9    Int:  8    God:
Gold:   49         SH:  4    Dex:  9    Spells: 1/1 levels left

rFire   . . .      SeeInvis .   a - +0 war axe (vorpal)
rCold   . . .      Faith    .   c - +0 buckler
rNeg    + . .      Spirit   .   b - +0 scale mail
rPois   ∞          Reflect  .   (no helmet)
rElec   +          Harm     .   (no cloak)
rCorr   .          Rampage  .   (no gloves)
Will    .....                   (no boots)
Stlth   ..........              (no amulet)
HPRegen 0.06/turn               (no ring)
MPRegen 0.08/turn               (no ring)

@: no status effects
A: sickness immunity, AC +2, negative energy resistance 1, electricity
resistance, torment resistance 1, petrification resistance
a: no special abilities


You were on level 2 of the Dungeon.
You visited 1 branch of the dungeon, and saw 2 of its levels.

You collected 49 gold pieces.

Inventory:

Hand Weapons
 a - a +0 vorpal war axe (weapon)
Armour
 b - a +0 scale mail (worn)
 c - a +0 buckler (worn)
Potions
 d - a potion of might
 e - 2 potions of degeneration {unknown}


   Skills:
 + Level 3.7 Fighting
 + Level 2.1 Axes
 + Level 3.6 Armour
 + Level 3.5 Shields


You had one spell level left.
You didn't know any spells.
Your spell library was empty.

Dungeon Overview and Level Annotations

Branches:
Dungeon (2/15)

Altars:

Annotations:
D:2 Natasha


Innate Abilities, Weirdness & Mutations

You are immune to sickness and miasma.
Your stone body is resilient. (AC +2)
You are immune to poison.
You resist negative energy. (rN+)
You are resistant to electric shocks. (rElec)
You are resistant to unholy torment.
You are immune to petrification.


Message History

A dart slug comes into view.
Found 12 gold pieces and a fuming white potion.
The dart slug bites you.
You slash the dart slug!
You kill the dart slug!
No target in view!
No target in view!
No target in view!
You now have 49 gold pieces (gained 12).
e - 2 fuming white potions (gained 1)
Found an escape hatch in the floor.
Natasha, Servant of Life and Death comes into view.
Natasha hisses angrily.
Natasha stares at you and mumbles some strange words.
The magic dart hits you. Natasha claws you.
You slash Natasha!
Natasha is severely wounded.
Natasha claws you but does no damage.
You hit Natasha.
Natasha is almost dead.
Natasha claws you.
* * * LOW HITPOINT WARNING * * *
You are too injured to fight recklessly!
You are too injured to fight recklessly!
You are too injured to fight recklessly!
You are too injured to fight recklessly!
You are too injured to fight recklessly!
You are too injured to fight recklessly!
You are too injured to fight recklessly!
You are too injured to fight recklessly!
You are too injured to fight recklessly!
You miss Natasha.
Natasha is almost dead.
Natasha barely misses you. Natasha claws you but does no damage.
You closely miss Natasha.
Natasha is almost dead.
Natasha stares at you and mumbles some strange words.
The magic dart hits you!
You die...

,,,,** *,*,***,* *,,,,,,, ,,,,*
*,*,,,,,****,,,,,, ,,,,*
*,+,,,,,,,,<,,,,,, ,,,,****
###,,,,,,,,*,,,,,, ,,,,,,,*
#.+,,,,,,,,*,,,,,, ,,,,,,,*
#.#,,,,*,,,***,,,, **,,,,,*
#.#*****,,,* *,,,*
**,,,,,**#######.##############**
,+,,,,,+,......h@.............##
**,,,,,**#######.############..#
,+,,,,,+,,,,,,....,,,>.........##
**,,,,,******######***########..#
*,,,,,* #..# *,,,,,* ############
#..# ******* ###..........# #..#
#............# ##.#
#............# #.#


You could see Natasha.

Vanquished Creatures
  A dart slug (D:2)
  2 ball pythons
  3 bats (D:1)
  2 endoplasms (D:1)
  A giant cockroach (D:1)
  2 goblins (D:1)
  A hobgoblin (D:2)
  A frilled lizard (D:1)
  2 kobolds (D:1)
  2 rats (D:1)
17 creatures vanquished.

Notes
Turn   | Place    | Note
-------+----------+-------------------------------------------
     0 | D:1      | bande the Gargoyle Fighter began the quest for the Orb.
     0 | D:1      | Reached XP level 1. HP: 14/14 MP: 1/1
   224 | D:1      | Reached XP level 2. HP: 16/19 MP: 2/2
   774 | D:2      | Noticed Natasha
   781 | D:2      | Killed from afar by Natasha

Illustrated notes

Levels and vault maps discovered:
D:1:      onia_arrival_pyramid, layout_basic, lemuel_another_geyser
D:2:      layout_basic, basic_altar, uniq_terence, uniq_sigmund, uniq_natasha

Skill      XL: |  1  2 |
---------------+-------+-----
Axes           | 2 |  2.1
Fighting       | |  3.7
Armour         | |  3.6
Shields        | |  3.5

Action                   || total
-------------------------++-------
Melee: War axe           ||    37
  Use: Scroll            ||     4
Armor: Scale mail        ||    22
Dodge: Dodged            ||    16
Block: Buckler           ||     7

Table legend: (Time is in decaauts)
 A = Elapsed time spent in this place.
 B = Non-inter-level travel time spent in this place.
 C = Inter-level travel time spent in this place.
 D = Time resting spent in this place.
 E = Time spent auto-exploring this place.
 F = Levels seen in this place.
 G = Mean time per level.
                   A        B        C        D        E       F      G
               +--------+--------+--------+--------+--------+-----+--------+
         Total |    796 |    796 |      0 |      0 |    653 |   2 |  398.0 |
       Dungeon |    796 |    796 |      0 |      0 |    653 |   2 |  398.0 |
               +--------+--------+--------+--------+--------+-----+--------+

Top non-repeatable levels by time:
     D:1: 647 daAuts
     D:2: 149 daAuts
